 Dungeon Crawl Stone Soup version 0.28-a0-655-g4eb62b627b (webtiles) character file.

Game seed: 912168546968815179

780 sleeves the Carver (level 7, -1/52 HPs)
             Began as a Demonspawn Fighter on Oct 13, 2021.
             Slain by a wyvern zombie (9 damage)
             ... on level 5 of the Dungeon.
             The game lasted 00:03:31 (4701 turns).

sleeves the Carver (Demonspawn Fighter)             Turns: 4701, Time: 00:03:32

Health: -1/52      AC:  6    Str: 30    XL:     7   Next: 55%
Magic:  7/7        EV:  9    Int:  9    God:
Gold:   196        SH:  6    Dex: 13    Spells: 6/6 levels left

rFire   . . .      SeeInvis .   a - +0 long sword
rCold   . . .      Faith    .   i - +2 buckler
rNeg    . . .      Spirit   .   b - +0 scale mail
rPois   .          Reflect  .   (no helmet)
rElec   .          Harm     .   (no cloak)
rCorr   .          Rampage  .   (no gloves)
Will    .....                   (no boots)
Stlth   ..........              (no amulet)
HPRegen 0.17/turn               c - +6 ring of strength
MPRegen 0.20/turn               o - +6 ring of strength

@: no status effects
A: powered by death 1, magic regeneration, demonic touch 2
a: no special abilities


You were on level 5 of the Dungeon.
You visited 1 branch of the dungeon, and saw 5 of its levels.

You collected 196 gold pieces.

Inventory:

Hand Weapons
 a - a +0 long sword (weapon)
Armour
 b - a +0 scale mail (worn)
 i - a +2 buckler (worn)
   (You found it on level 1 of the Dungeon)
Jewellery
 c - a +6 ring of strength (left hand)
   (You took it off a kobold on level 2 of the Dungeon)
 o - a +6 ring of strength (right hand)
   (You found it on level 3 of the Dungeon)
Wands
 l - a wand of paralysis (3)
   (You found it on level 3 of the Dungeon)
 s - a wand of flame (9)
   (You found it on level 4 of the Dungeon)
Scrolls
 f - a scroll of immolation {unknown}
 g - a scroll of acquirement {unknown}
 h - 4 scrolls of enchant weapon {unknown}
 m - a scroll of identify {unknown}
 r - 2 scrolls of teleportation {unknown}
 u - a scroll of noise {unknown}
 v - a scroll of silence {unknown}
Potions
 d - 2 potions of might
 e - 2 potions of degeneration {unknown}
 j - a potion of invisibility {unknown}
 k - a potion of flight {unknown}
 n - a potion of curing {unknown}
 p - a potion of lignification {unknown}
 q - a potion of magic {unknown}
 t - a potion of ambrosia {unknown}


   Skills:
 - Level 3.0 Fighting
 + Level 8.0 Long Blades
 - Level 2.6 Armour
 - Level 2.6 Shields


You had 6 spell levels left.
You didn't know any spells.
Your spell library contained the following spells:

 Spells                   Type           Power      Damage    Failure   Level
 Shock                    Conj/Air       0%         1d3       69%         1
 Ensorcelled Hibernation  Hex/Ice        0%         N/A       83%         2
 Gell's Gravitas          Tloc           0%         N/A       96%         3
 Lesser Beckoning         Tloc           0%         N/A       96%         3
 Swiftness                Air            0%         N/A       96%         3
 Teleport Other           Tloc           0%         N/A       96%         3
 Tukima's Dance           Hex            0%         N/A       96%         3
 Airstrike                Air            0%         N/A       100%        4
 Chain Lightning          Conj/Air       0%         N/A       100%        9
 Fire Storm               Conj/Fire      0%         5d1       100%        9
 Shatter                  Erth           0%         3d5*      100%        9


Dungeon Overview and Level Annotations

Branches:
Dungeon (5/15)
 Temple: D:4-7

Altars:
Hepliaklqana
Qazlal
Yredelemnul

Annotations:
D:2 1 runed translucent door, Crazy Yiuf


Innate Abilities, Weirdness & Mutations

You regenerate a little health from kills.
You regenerate magic rapidly.
Your touch may inflict irresistible damage on your foes.


Message History

You slash the orc!
You kill the orc!
An orc comes into view. It is wielding a +0 club.
An orc comes into view. It is wielding a +0 dagger.
The orc shouts!
You see here a +0 flail.
The orc hits you with a +0 hand axe.
You slash the orc!
You kill the orc!
Your Long Blades skill increases to level 4!
You have reached level 4!
You feel agile.
You barely miss the orc wizard.
The orc wizard points at you and mumbles some strange words.
The magic dart hits you.
You hit the orc wizard but do no damage.
You hit the orc but do no damage.
The orc wizard hits you but does no damage.
The orc hits you but does no damage.
The orc wizard hits you but does no damage.
You slash the orc!
You kill the orc!
The orc wizard hits you with a +0 dagger.
You closely miss the orc wizard. The orc hits you but does no damage.
The orc wizard hits you but does no damage.
You barely miss the orc wizard.
The orc wizard hits you with a +0 dagger.
The orc hits you but does no damage.
You hit the orc wizard but do no damage.
The orc wizard hits you but does no damage.
You block the orc's attack. The orc hits you but does no damage.
The orc wizard casts a spell at you.
You are confused.
The orc wizard casts a spell at you. The magic dart hits you.
You see here a +0 flail.
Your scale mail prevents you from hitting the orc.
The orc wizard hits you but does no damage.
The orc hits you but does no damage.
You slash the orc wizard!
The orc wizard is almost dead.
You slash the orc wizard!
You kill the orc wizard!
You feel less confused. You block the orc's attack. You block the orc's attack.
Things that are here:
a +0 dagger; a +0 robe; an orc corpse You hit the orc.
The orc is severely wounded.
The orc barely misses you.
You hit the orc.
You kill the orc!
Items here: ))) [ ††.
Key pressed, stopping explore.
Items here: ))) [ ††.
Items here: ))) [ ††.
A goblin comes into view. It is wielding a +0 dagger.
A goblin is nearby!
A goblin is nearby!
A goblin is nearby!
An endoplasm comes into view.
You closely miss the goblin. The goblin hits you but does no damage.
You block the goblin's attack.
You slash the goblin!
You kill the goblin!
The endoplasm jiggles.
You hit the endoplasm.
The endoplasm is heavily wounded.
The endoplasm hits you.
You hit the endoplasm.
You kill the endoplasm!
No target in view!
No target in view!
No target in view!
No target in view!
No target in view!
No target in view!
No target in view!
You see here a +0 dagger.
An endoplasm comes into view.
The endoplasm quivers.
An endoplasm is nearby!
An endoplasm is nearby!
The endoplasm hits you but does no damage.
You slash the endoplasm!
You kill the endoplasm!
No target in view!
No target in view!
No target in view!
No target in view!
No target in view!
No target in view!
No target in view!
No target in view!
A bat comes into view.
A bat is nearby!
A bat is nearby!
The bat hits you but does no damage.
You hit the bat but do no damage. The bat hits you.
You hit the bat.
You kill the bat!
No reachable target in view!
No reachable target in view!
No reachable target in view!
No reachable target in view!
No reachable target in view!
No reachable target in view!
You open the door.
There is an open door here.
Key pressed, stopping explore.
There is an open door here.
Found a kite shield.
You see here a +0 kite shield.
r - a scroll labelled XOHA MIONKERI You now have 129 gold pieces (gained 9).
Done exploring.
No target in view!
No target in view!
No target in view!
No target in view!
No target in view!
No target in view!
No target in view!
No target in view!
Done exploring.
Done exploring.
Done exploring.
(D) Dungeon
Where to? (Enter - D:3, ? - help)
There is a stone staircase leading down here.
You climb downwards.
The adder hisses angrily.
There is a stone staircase leading up here.
An adder is nearby!
An adder is nearby!
An adder is nearby!
An adder is nearby!
You miss the adder. The adder bites you but does no damage.
The adder closely misses you.
You barely miss the adder. The adder barely misses you.
You hit the adder.
The adder is moderately wounded.
The adder closely misses you. The adder bites you but does no damage.
You hit the adder.
The adder is almost dead.
The adder barely misses you. x2
You slash the adder!
You kill the adder!
No target in view!
No target in view!
No target in view!
No target in view!
No target in view!
No target in view!
No target in view!
No target in view!
You open the door.
Found 7 stones.
There is an open door here.
You open the door.
There is an open door here.
s - a wand of flame (12)
You open the door.
There is an open door here.
You open the door.
There is an open door here.
There is an open door here.
There is an open door here.
As you open the door, it creaks loudly!
There is an open door here.
You open the door.
There is an open door here.
Found 20 stones.
No target in view!
No target in view!
No target in view!
No target in view!
No target in view!
No target in view!
No target in view!
No target in view!
No target in view!
You now have 142 gold pieces (gained 13).
You now have 153 gold pieces (gained 11).
r - 2 scrolls labelled XOHA MIONKERI (gained 1)
An adder and a quokka come into view.
The adder hisses angrily.
A kobold comes into view.
It is wielding a +0 dagger and quivering poisoned darts.
The adder moves out of view.
There are monsters nearby!
There are monsters nearby!
An orc and an orc priest come into view.
Found a stone staircase leading down.
The orc shouts!
The orc priest shouts!
The kobold shouts!
You hear a shout!
A goblin comes into view. It is wielding a +0 club.
You hit the quokka.
You kill the quokka!
An orc comes into view. It is wielding a +0 dagger.
A hobgoblin comes into view.
The orc shouts!
The orc priest invokes the aid of Beogh against you.
Pain shoots through your body! The kobold barely misses you.
A jackal comes into view.
You see here a quokka corpse.
You are too injured to fight recklessly!
You are too injured to fight recklessly!
You are too injured to fight recklessly!
You are too injured to fight recklessly!
The jackal barks!
You hear a bark!
You hear a shout!
The adder bites you but does no damage.
You hear a bark!
You block the adder's attack.
The orc priest looks encouraged for a moment.
The adder closely misses you.
Aiming: Paralyse
Press: ? - help, Shift-Dir - straight line, f - adder
Aim: an adder (chance to affect: 54%)
The adder suddenly stops moving!
The helpless adder fails to defend itself.
You hit the adder.
The adder is lightly wounded.
The helpless adder fails to defend itself.
You slash the adder!
You kill the adder!
The orc priest calls down the wrath of Beogh upon you.
You barely resist. You miss the kobold. The kobold hits you but does no damage.
You hit the kobold.
The kobold is moderately wounded.
A jackal comes into view.
The kobold barely misses you.
You barely miss the kobold.
The kobold is moderately wounded.
The kobold hits you with a +0 dagger. The kobold barely misses you.
You slash the kobold!
You kill the kobold!
A jackal comes into view.
You hit the orc.
The orc is heavily wounded.
You block the orc's attack.
You completely miss the orc.
The orc is heavily wounded.
The orc hits you but does no damage. x2
You slash the orc!
You kill the orc!
A kobold comes into view. It is wielding a +0 dagger.
You slash the orc priest!
The orc priest is severely wounded.
The orc priest closely misses you.
You slash the orc priest!
You kill the orc priest!
You have reached level 5!
Your demonic ancestry asserts itself...
Your hands begin to faintly glow with unholy energy.
You slash the jackal!
You kill the jackal!
You closely miss the orc. The orc hits you with a +0 club.
You barely miss the orc. The orc barely misses you.
The orc hits you but does no damage.
You hit the orc.
The orc is moderately wounded.
The orc closely misses you.
You closely miss the orc.
The orc is moderately wounded.
The orc closely misses you.
You closely miss the orc.
The orc is moderately wounded.
The orc closely misses you.
You slash the orc!
You kill the orc!
The kobold closely misses you.
You slash the kobold!
You kill the kobold!
The jackal closely misses you.
You slash the jackal!
You kill the jackal!
The goblin closely misses you.
Your Long Blades skill increases to level 5!
You slash the goblin!
You kill the goblin!
You block the hobgoblin's attack.
You slash the hobgoblin!
You kill the hobgoblin!
You block the jackal's attack.
You closely miss the jackal. You block the jackal's attack.
You barely miss the jackal. The jackal barely misses you.
The jackal closely misses you.
You slash the jackal!
You kill the jackal!
You swing at nothing.
You swing at nothing.
You swing at nothing.
You swing at nothing.
You swing at nothing.
You swing at nothing.
You swing at nothing.
You swing at nothing.
You swing at nothing.
You swing at nothing.
You swing at nothing.
Items here: (( )))))) [ †††††.
There is an open door here.
A scorpion comes into view.
A scorpion is nearby!
You hit the scorpion.
The scorpion is lightly wounded.
The scorpion stings you but does no damage.
The scorpion stings you.
You slash the scorpion!
The scorpion is heavily wounded.
You block the scorpion's attack.
You slash the scorpion!
You kill the scorpion!
No target in view!
No target in view!
No target in view!
No target in view!
No target in view!
No target in view!
No target in view!
No target in view!
No target in view!
HP restored.
You see here a scorpion corpse.
Found a stone staircase leading up.
A hobgoblin comes into view.
The hobgoblin shouts!
A hobgoblin is nearby!
Found an escape hatch in the floor.
The hobgoblin hits you.
You completely miss the hobgoblin. You block the hobgoblin's attack.
You slash the hobgoblin!
You kill the hobgoblin!
No target in view!
No target in view!
No target in view!
No target in view!
No target in view!
No target in view!
No target in view!
No target in view!
You see here a hobgoblin corpse.
A worm comes into view.
A worm is nearby!
A worm is nearby!
The worm bites you.
Your scale mail prevents you from hitting the worm.
The worm bites you but does no damage.
You slash the worm!
The worm is severely wounded.
You slash the worm!
You kill the worm!
No target in view!
No target in view!
No target in view!
No target in view!
No target in view!
No target in view!
No target in view!
No target in view!
No target in view!
A kobold comes into view. It is wielding a +0 dagger.
The kobold shouts!
A kobold is nearby!
A kobold is nearby!
A kobold is nearby!
You slash the kobold!
You kill the kobold!
No target in view!
No target in view!
No target in view!
Unknown command.
You see here a +0 dagger.
You see here a hobgoblin corpse.
Found a stone staircase leading down.
An iguana comes into view.
The iguana hisses angrily.
An iguana is nearby!
The iguana hisses menacingly.
Found 7 stones.
The iguana bites you.
You closely miss the iguana.
The iguana bites you but does no damage.
You slash the iguana!
The iguana is heavily wounded.
The iguana bites you!
You are too injured to fight recklessly!
You are too injured to fight recklessly!
You are too injured to fight recklessly!
You are too injured to fight recklessly!
You are too injured to fight recklessly!
You are too injured to fight recklessly!
You are too injured to fight recklessly!
You are too injured to fight recklessly!
An iguana is nearby!
An iguana is nearby!
An iguana is nearby!
You are too injured to fight recklessly!
You are too injured to fight recklessly!
You are too injured to fight recklessly!
You are too injured to fight recklessly!
You hit the iguana.
The iguana is severely wounded.
The iguana barely misses you.
You hit the iguana.
The iguana is almost dead.
The iguana closely misses you. The iguana bites you.
You hit the iguana.
You kill the iguana!
There is a stone staircase leading down here.
You open the door.
There is an open door here.
You see here 7 stones.
Key pressed, stopping explore.
An orc comes into view. It is wielding a +0 short sword.
The orc shouts!
You hear a shout!
An orc is nearby!
An orc comes into view. It is wielding a +0 whip.
The orc shouts!
An orc wizard comes into view. It is wielding a +0 dagger.
An orc comes into view. It is wielding a +0 hand axe.
The orc shouts!
You hear a shout!
You block the orc's attack.
You hit the orc.
The orc is almost dead.
The orc hits you but does no damage.
Your shield and scale mail prevent you from hitting the orc.
The orc is almost dead.
You block the orc's attack.
You hit the orc but do no damage.
The orc is almost dead.
The orc misses you.
You hit the orc.
You kill the orc!
The orc hits you but does no damage.
You completely miss the orc.
The orc wizard gestures at you while chanting.
The magic dart hits you. You block the orc's attack.
You hit the orc.
The orc is heavily wounded.
You block the orc's attack.
A scorpion comes into view.
You slash the orc!
You kill the orc!
The orc wizard completely misses you.
You slash the orc wizard!
The orc wizard is severely wounded.
The orc wizard points at you and mumbles some strange words.
The puff of flame hits you. The orc hits you with a +0 hand axe.
The orc wizard hits you with a +0 dagger.
You slash the orc wizard!
You kill the orc wizard!
The orc hits you but does no damage.
You have reached level 6!
Your experience leads to an increase in your attributes!
Your base attributes are Str 17, Int 9, Dex 13.
Increase (S)trength, (I)ntelligence, or (D)exterity?
You feel stronger.
Your demonic ancestry asserts itself...
Your magic begins to regenerate rapidly.
You block the orc's attack.
You hit the orc but do no damage. You block the orc's attack.
You hit the orc.
The orc is severely wounded.
The orc hits you but does no damage.
An orc comes into view. It is wielding a +0 club.
The orc shouts!
You hit the orc but do no damage.
The orc is severely wounded.
The orc hits you but does no damage.
You hit the orc but do no damage.
The orc is severely wounded.
The orc closely misses you.
You hit the orc but do no damage.
The orc is severely wounded.
You block the orc's attack.
You hit the orc.
You kill the orc!
You closely miss the scorpion. You block the orc's attack.
The scorpion barely misses you.
You slash the scorpion!
The scorpion is severely wounded.
The scorpion stings you.
You are poisoned.
The scorpion poisons you! The orc closely misses you. The scorpion stings you!
The orc hits you but does no damage.
You barely miss the scorpion.
The scorpion is severely wounded.
You feel very sick. The scorpion barely misses you. You block the orc's attack.
You barely miss the scorpion.
The scorpion is severely wounded.
You feel sick. You block the scorpion's attack.
The orc hits you with a +0 club.
You closely miss the scorpion.
The scorpion is severely wounded.
You feel sick. The scorpion stings you. The orc hits you with a +0 club.
The scorpion closely misses you.
You slash the scorpion!
You kill the scorpion!
You feel sick. The orc closely misses you.
Your Long Blades skill increases to level 6!
You feel sick.
Things that are here:
a +0 hand axe; a +0 scale mail; an orc corpse You closely miss the orc.
You feel sick. The orc hits you but does no damage.
You barely miss the orc.
You feel sick.
You are no longer poisoned.
You block the orc's attack. The orc hits you with a +0 club.
* * * LOW HITPOINT WARNING * * *
You slice the orc!!
You kill the orc!
t - a grey potion You see here a +0 club.
Key pressed, stopping explore.
You see here a +0 club.
Things that are here:
a +0 hand axe; a +0 scale mail; an orc corpse
Things that are here:
a +0 dagger; a +0 robe; an orc corpse
Things that are here:
a +0 whip; a +0 ring mail; an orc corpse A hobgoblin comes into view.
Found an escape hatch in the ceiling.
The hobgoblin moves out of view.
No target in view!
No target in view!
No target in view!
No target in view!
No target in view!
No target in view!
No target in view!
No target in view!
A hobgoblin is nearby!
A hobgoblin is nearby!
A hobgoblin comes into view.
The hobgoblin shouts!
The hobgoblin hits you but does no damage.
You barely miss the hobgoblin. The hobgoblin barely misses you.
You block the hobgoblin's attack.
You slash the hobgoblin!
You kill the hobgoblin!
You slash the hobgoblin!
You kill the hobgoblin!
No target in view!
No target in view!
No target in view!
No target in view!
No target in view!
No target in view!
No target in view!
You see here a hobgoblin corpse.
You open the door.
A kobold comes into view. It is wielding a +0 club.
The kobold shouts!
A kobold is nearby!
A kobold is nearby!
A giant cockroach comes into view.
There is an open door here.
The kobold hits you with a +0 club.
You slash the kobold!
You kill the kobold!
You hit the giant cockroach.
The giant cockroach is lightly wounded.
The giant cockroach barely misses you. The giant cockroach closely misses you.
You closely miss the giant cockroach.
The giant cockroach is lightly wounded.
The giant cockroach misses you.
You hit the giant cockroach.
The giant cockroach is lightly wounded.
You block the giant cockroach's attack.
You closely miss the giant cockroach.
The giant cockroach is lightly wounded.
The giant cockroach barely misses you. You block the giant cockroach's attack.
You barely miss the giant cockroach.
The giant cockroach is lightly wounded.
The giant cockroach bites you but does no damage.
You hit the giant cockroach.
The giant cockroach is heavily wounded.
You block the giant cockroach's attack.
You slash the giant cockroach!
You kill the giant cockroach!
No target in view!
No target in view!
Things that are here:
a +0 club; a kobold corpse
Things that are here:
a +0 club; a kobold corpse
There is an open door here.
d - 2 potions of might (gained 1)
You open the door. You open the door.
There is an open door here.
You see here 7 stones.
There is an open door here.
You open the door. 3 kobolds come into view.
A kobold is wielding a +0 whip and quivering poisoned darts.
The kobold shouts! x2
Found 43 gold pieces, a scroll labelled MICOSK RADAL and 25 stones.
You slash the kobold!
You kill the kobold!
The kobold throws a poisoned dart.
The poisoned dart barely misses you. You block the kobold's attack.
There is an open door here.
Things that are here:
a +0 dagger; a kobold corpse You closely miss the kobold.
The kobold hits you with a +0 whip.
You hit the kobold.
The kobold is moderately wounded.
You block the kobold's attack. The kobold barely misses you.
You hit the kobold but do no damage.
The kobold is moderately wounded.
The kobold barely misses you. The kobold hits you but does no damage.
The kobold hits you with a +0 dagger. You block the kobold's attack.
You slash the kobold!
You kill the kobold!
The kobold hits you but does no damage.
You hit the kobold.
The kobold is heavily wounded.
The kobold hits you but does no damage.
You slash the kobold!
You kill the kobold!
No target in view!
No target in view!
No target in view!
Things that are here:
a +0 whip; 5 poisoned darts
Things that are here:
a +0 dagger; a kobold corpse No target in view!
No target in view!
No target in view!
No target in view!
No target in view!
No target in view!
No target in view!
h - 3 scrolls labelled MICOSK RADAL (gained 1)
You now have 160 gold pieces (gained 7).
You now have 180 gold pieces (gained 20).
You now have 196 gold pieces (gained 16).
Things that are here:
a +0 whip; 5 poisoned darts
There is an open door here.
Things that are here:
a +0 dagger; a kobold corpse
There is an open door here.
You see here 7 stones.
Found a book of Displacement.
You see here a book of Displacement.
An endoplasm comes into view.
The endoplasm quivers.
An endoplasm is nearby!
You block the endoplasm's attack.
You slash the endoplasm!
You kill the endoplasm!
No target in view!
No target in view!
No target in view!
No target in view!
No target in view!
No target in view!
No target in view!
No target in view!
No target in view!
A goblin comes into view. It is wielding a +0 club.
The goblin shouts!
A goblin is nearby!
A goblin is nearby!
The goblin barely misses you.
You slash the goblin!
You kill the goblin!
No target in view!
No target in view!
No target in view!
No target in view!
No target in view!
No target in view!
No target in view!
No target in view!
You see here a +0 club.
Found a kite shield.
You see here a +0 kite shield.
You see here a +0 kite shield.
Found a scale mail.
As you open the door, it creaks loudly!
A goblin and a spectral thing come into view.
Found a hazy altar of Hepliaklqana.
There is an open door here.
You slash the goblin!
You kill the goblin!
The spectral goblin hits you.
You feel drained.
You hit the spectral goblin.
You destroy the spectral goblin!
No target in view!
No target in view!
No target in view!
No target in view!
No target in view!
No target in view!
No target in view!
No target in view!
No target in view!
No target in view!
You see here a +0 club.
There is an open door here.
You see here a +0 scale mail.
Key pressed, stopping explore.
Key pressed, stopping explore.
h - 4 scrolls labelled MICOSK RADAL (gained 1)
There is an open door here.
Found a stone staircase leading down.
No target in view!
No target in view!
No target in view!
No target in view!
No target in view!
No target in view!
No target in view!
No target in view!
You see here a +0 club.
Things that are here:
a +0 hand axe; a +0 scale mail
Things that are here:
a +0 whip; a +0 ring mail
Things that are here:
a +0 whip; a +0 ring mail
Things that are here:
a +0 hand axe; a +0 scale mail You see here a +0 club.
You see here 20 stones.
Items here: (( )))))) [.
Found an escape hatch in the floor.
There is an open door here.
Found a stone staircase leading up.
Done exploring.
Done exploring.
Done exploring.
(D) Dungeon
Where to? (Enter - D:4, ? - help)
There is an open door here.
There is a stone staircase leading down here.
You climb downwards.
Found a mace and a scroll labelled AKEPNU HODDOL.
There is a stone staircase leading up here.
A centaur zombie is nearby!
A centaur zombie is nearby!
A centaur zombie is nearby!
A centaur zombie is nearby!
You slash the centaur zombie!
The centaur zombie is moderately damaged.
The centaur zombie hits you but does no damage.
The centaur zombie kicks you but does no damage.
You slash the centaur zombie!
The centaur zombie is severely damaged.
The centaur zombie hits you but does no damage.
You block the centaur zombie's attack.
You slash the centaur zombie!
You destroy the centaur zombie!
Your life force feels restored.
No target in view!
No target in view!
No target in view!
No target in view!
No target in view!
No target in view!
No target in view!
No target in view!
No target in view!
No target in view!
HP restored.
A hornet comes into view.
The hornet buzzes angrily.
A hornet is nearby!
A hornet is nearby!
Aiming: Throw Flame
Press: ? - help, Shift-Dir - straight line, f - hornet
Aim: a hornet (52% to hit)
The puff of flame hits the hornet.
The hornet is lightly wounded.
Aiming: Throw Flame
Press: ? - help, Shift-Dir - straight line, f/p - hornet
Aim: a hornet (lightly wounded, 52% to hit)
The puff of flame hits the hornet!
The hornet is moderately wounded.
The hornet stings you but does no damage.
Aiming: Throw Flame
Press: ? - help, Shift-Dir - straight line, f/p - hornet
Aim: a hornet (moderately wounded, 52% to hit)
The puff of flame misses the hornet.
The hornet stings you.
You feel yourself slow down.
Aiming: Paralyse
Press: ? - help, Shift-Dir - straight line, f/p - hornet
Aim: a hornet (moderately wounded, chance to affect: 37%)
The hornet suddenly stops moving!
You feel yourself speed up.
A hound comes into view.
The helpless hornet fails to defend itself.
You hit the hornet.
The hornet is heavily wounded.
The hound barks!
The helpless hornet fails to defend itself.
You slash the hornet!
The hornet is almost dead.
The helpless hornet fails to defend itself.
You slice the hornet!!
You kill the hornet!
Your Long Blades skill increases to level 7!
You have reached level 7!
Your demonic ancestry asserts itself...
Your hands glow brighter with unholy energy.
The hound stops to sniff the ground.
The hound bites you but does no damage.
You hit the hound.
The hound is lightly wounded.
The hound bites you. You block the hound's attack.
You closely miss the hound.
The hound is lightly wounded.
The hound bites you.
You miss the hound.
The hound is lightly wounded.
The hound bites you but does no damage. You block the hound's attack.
You barely miss the hound.
The hound is lightly wounded.
You block the hound's attack.
You barely miss the hound.
The hound is lightly wounded.
The hound bites you. You block the hound's attack.
You slash the hound!
The hound is almost dead.
The hound bites you. The hound closely misses you.
You hit the hound but do no damage.
The hound is almost dead.
You block the hound's attack.
You barely miss the hound.
The hound is almost dead.
The hound bites you but does no damage. The hound barely misses you.
You hit the hound.
You kill the hound!
A sky beast comes into view.
A sky beast is nearby!
You see here a scroll labelled AKEPNU HODDOL.
u - a scroll labelled AKEPNU HODDOL
There is a stone staircase leading up here.
You climb upwards.
There is a stone staircase leading down here.
You start resting.
HP restored.
You climb downwards.
You block the sky beast's attack.
There is a stone staircase leading up here.
You hit the sky beast.
The sky beast is moderately wounded.
You block the sky beast's attack.
You completely miss the sky beast.
The sky beast is moderately wounded.
The sky beast barely misses you.
You hit the sky beast but do no damage.
The sky beast is moderately wounded.
You block the sky beast's attack.
You slash the sky beast!
The sky beast is heavily wounded.
The sky beast barely misses you.
You barely miss the sky beast.
The sky beast is heavily wounded.
The sky beast hits you. The sky beast shocks you.
You hit the sky beast.
The sky beast is heavily wounded.
The sky beast hits you but does no damage.
The sky beast barely misses you.
You slash the sky beast!
The sky beast is almost dead.
You block the sky beast's attack.
You miss the sky beast.
The sky beast is almost dead.
The sky beast flickers out of sight!
Deactivating autopickup; reactivate with Ctrl-A.
Something hits you. Something shocks you.
No target in view!
No target in view!
You closely miss something. Something hits you but does no damage.
You barely miss something. Something hits you. Something shocks you.
You hit something. Something hits you.
* * * LOW HITPOINT WARNING * * *
Something shocks you.
* * * LOW HITPOINT WARNING * * *
You closely miss something. Something hits you but does no damage.
You miss something. Something hits you but does no damage.
You miss something. Something hits you.
* * * LOW HITPOINT WARNING * * *
Something shocks you.
* * * LOW HITPOINT WARNING * * *
You slash something!
Reactivating autopickup.
You feel a bit more experienced.
You see here a sky beast corpse.
You start resting.
HP restored.
There is a stone staircase leading up, spattered with blood here.
You pick up a book of Annihilations and begin reading...
You add the spells Chain Lightning, Fire Storm and Shatter to your library.
Found an escape hatch in the floor.
v - a scroll labelled XUAROBB IDESUD
Found a broad axe.
No target in view!
No target in view!
A howler monkey comes into view.
The howler monkey howls!
A howler monkey is nearby!
A howler monkey is nearby!
The howler monkey hoots and howls with incredible vigour!
You hear a bark!
You hear an angry hiss.
You hear a shout!
Found a smoky sapphire potion and 25 bolts.
You slash the howler monkey!
The howler monkey is heavily wounded.
You block the howler monkey's attack.
You closely miss the howler monkey.
The howler monkey is heavily wounded.
You block the howler monkey's attack.
A hound comes into view.
The howler monkey closely misses you.
You hit the howler monkey.
The howler monkey is heavily wounded.
The howler monkey hits you but does no damage.
You barely miss the howler monkey.
The howler monkey is heavily wounded.
The howler monkey closely misses you.
You slash the howler monkey!
The howler monkey is almost dead.
The howler monkey hits you but does no damage.
The hound bites you.
You barely miss the howler monkey.
The howler monkey is almost dead.
The hound closely misses you. You block the howler monkey's attack.
A wyvern zombie comes into view.
The hound closely misses you.
You hit the howler monkey.
You kill the howler monkey!
The hound bites you but does no damage.
You slash the hound!
The hound is heavily wounded.
The hound completely misses you. The hound barely misses you.
You closely miss the hound.
The hound is heavily wounded.
The hound barely misses you.
There are monsters nearby!
You barely miss the hound.
The hound is heavily wounded.
The hound bites you. You block the hound's attack.
You barely miss the hound.
The hound is heavily wounded.
The hound misses you.
You miss the hound.
The hound is heavily wounded.
The hound barely misses you.
The wyvern zombie bites you but does no damage.
The hound bites you.
The wyvern zombie bites you but does no damage.
You barely miss the hound.
The hound is heavily wounded.
You block the hound's attack. The wyvern zombie bites you.
You block the hound's attack.
You slash the hound!
You kill the hound!
The wyvern zombie barely misses you.
Your Long Blades skill increases to level 8!
You hit the wyvern zombie but do no damage.
The wyvern zombie bites you. The wyvern zombie bites you!
You barely miss the wyvern zombie. The wyvern zombie barely misses you.
You barely miss the wyvern zombie. The wyvern zombie bites you.
You are too injured to fight recklessly!
You are too injured to fight recklessly!
You are too injured to fight recklessly!
You are too injured to fight recklessly!
You are too injured to fight recklessly!
You are too injured to fight recklessly!
You slash the wyvern zombie!
The wyvern zombie is lightly damaged.
You block the wyvern zombie's attack. The wyvern zombie bites you!
* * * LOW HITPOINT WARNING * * *
You slash the wyvern zombie!
The wyvern zombie is heavily damaged.
You block the wyvern zombie's attack.
You hit the wyvern zombie.
The wyvern zombie is heavily damaged.
The wyvern zombie barely misses you.
You barely miss the wyvern zombie.
The wyvern zombie is heavily damaged.
The wyvern zombie closely misses you. You block the wyvern zombie's attack.
You hit the wyvern zombie.
The wyvern zombie is heavily damaged.
The wyvern zombie bites you but does no damage.
An iguana comes into view.
You slash the wyvern zombie!
The wyvern zombie is almost destroyed.
The wyvern zombie bites you!
* * * LOW HITPOINT WARNING * * *
The wyvern zombie bites you!
* * * LOW HITPOINT WARNING * * *
You hit the wyvern zombie.
The wyvern zombie is almost destroyed.
The wyvern zombie bites you!
You die...

#. .. #. ...
#.#.... ## ..#....
##.##.......
#........l..
##....†......
#....@Z.....#
#............
#............
#..#.........
#...#......... ##!
##....##..... (
#.....# #..). ..
###....###......
###...............


You could see an iguana and a wyvern zombie.

Vanquished Creatures
  A hornet (D:5)
  A sky beast (D:5)
  2 scorpions (D:4)
  A howler monkey (D:5)
  A centaur zombie (D:5)
  2 hounds (D:5)
  An orc priest (D:4)
  An iguana (D:4)
  2 orc wizards
  3 adders
  An adder zombie (D:3)
  2 worms
  12 orcs
  7 ball pythons
  5 endoplasms
  3 giant cockroaches
  7 goblins
  9 hobgoblins
  3 jackals (D:4)
  5 quokkas
  2 ball python zombies (D:3)
  5 bats
  14 kobolds
  A quokka zombie (D:3)
  5 rats
  A spectral goblin (D:4)
97 creatures vanquished.

Notes
Turn   | Place    | Note
-------+----------+-------------------------------------------
     0 | D:1      | sleeves the Demonspawn Fighter began the quest for the Orb.
     0 | D:1      | Reached XP level 1. HP: 18/18 MP: 1/1
    38 | D:1      | Reached skill level 2 in Long Blades
   154 | D:1      | Gained mutation: You regenerate a little health from kills.
                  | [demonic ancestry]
   154 | D:1      | Reached XP level 2. HP: 24/24 MP: 2/2
   194 | D:1      | Found a faded altar of an unknown god.
  1088 | D:2      | Reached skill level 3 in Long Blades
  1158 | D:2      | Reached XP level 3. HP: 29/29 MP: 3/3
  1485 | D:2      | Found a runed translucent door.
  1486 | D:2      | Noticed Crazy Yiuf
  1815 | D:3      | Noticed a fire elemental
  1817 | D:3      | Found a stormy altar of Qazlal.
  1819 | D:3      | Noticed an air elemental
  1819 | D:3      | Noticed an earth elemental
  1819 | D:3      | Noticed a water elemental
  2027 | D:3      | Found a basalt altar of Yredelemnul.
  2414 | D:3      | Reached skill level 4 in Long Blades
  2414 | D:3      | Reached XP level 4. HP: 28/35 MP: 4/4
  3165 | D:4      | Gained mutation: Your touch may inflict minor irresistible
                  | damage on your foes. [demonic ancestry]
  3165 | D:4      | Reached XP level 5. HP: 35/41 MP: 5/5
  3174 | D:4      | Reached skill level 5 in Long Blades
  3641 | D:4      | Gained mutation: You regenerate magic rapidly. [demonic
                  | ancestry]
  3641 | D:4      | Reached XP level 6. HP: 34/47 MP: 6/6
  3655 | D:4      | Reached skill level 6 in Long Blades
  3657 | D:4      | HP: 23/47 [poisoned by a scorpion]
  4067 | D:4      | Found a hazy altar of Hepliaklqana.
  4287 | D:5      | Entered Level 5 of the Dungeon
  4295 | D:5      | Noticed a hornet
  4303 | D:5      | Killed a hornet
  4304 | D:5      | Reached skill level 7 in Long Blades
  4304 | D:5      | Gained mutation: Your touch may inflict irresistible damage
                  | on your foes. [demonic ancestry]
  4304 | D:5      | Reached XP level 7. HP: 46/52 MP: 7/7
  4417 | D:5      | HP: 26/52 [something (3)]
  4692 | D:5      | Reached skill level 8 in Long Blades
  4695 | D:5      | HP: 26/52 [wyvern zombie (8)]
  4700 | D:5      | HP: 20/52 [wyvern zombie (7)]
  4700 | D:5      | HP: 7/52 [wyvern zombie (13)]
  4701 | D:5      | Slain by a wyvern zombie

Illustrated notes

Levels and vault maps discovered:
D:1:      lemuel_arrival_funnel, layout_basic, ebering_ecumenical_altar_hall,
          amcnicky_mini_corridor_feature
D:2:      layout_basic, uniq_crazy_yiuf_cottage
D:3:      layout_basic, nicolae_yredelemnul_corpse_copse,
          nicolae_qazlal_style_of_elements
D:4:      layout_basic, nicolae_hepliaklqana_monster_ancestors,
          grunt_ministairs_12, minmay_goblin_kobold_house
D:5:      layout_cave_pools, mainiacjoe_overflow_brackets,
          minmay_temple_entry_wispy, uniq_blork_the_orc, uniq_prince_ribbit1,
          uniq_menkaure

Skill      XL: |  1  2  3  4  5  6  7 |
---------------+----------------------+-----
Long Blades    | 2 3 4 5 7 8 |  8.0
Fighting       | |  3.0
Armour         | |  2.6
Shields        | |  2.6

Action                   |  1- 3 |  4- 6 |  7- 9 || total
-------------------------+-------+-------+-------++-------
Melee: Long sword        |   135 |   116 |    48 ||   299
Evoke: Wand              |       |     5 |       ||     5
 Stab: Paralysed         |       |     5 |       ||     5
Armor: Scale mail        |    70 |    39 |    13 ||   122
Dodge: Dodged            |    58 |    39 |    18 ||   115
Block: Buckler           |    51 |    31 |    18 ||   100

Table legend: (Time is in decaauts)
 A = Elapsed time spent in this place.
 B = Non-inter-level travel time spent in this place.
 C = Inter-level travel time spent in this place.
 D = Time resting spent in this place.
 E = Time spent auto-exploring this place.
 F = Levels seen in this place.
 G = Mean time per level.
                   A        B        C        D        E       F      G
               +--------+--------+--------+--------+--------+-----+--------+
         Total |   4767 |   4523 |    244 |    182 |   3635 |   5 |  953.4 |
       Dungeon |   4767 |   4523 |    244 |    182 |   3635 |   5 |  953.4 |
               +--------+--------+--------+--------+--------+-----+--------+

Top non-repeatable levels by time:
     D:4: 1392 daAuts
     D:3: 1254 daAuts
     D:1: 1054 daAuts
     D:2: 731 daAuts
     D:5: 335 daAuts
